AoeStats
← Worker

African Clearing

510627049Analyzed
2v2 RM · 18h ago on Oct 1, 2026· 55m 8s· 4 players
Game mode
Random Map
Map size
Medium (4 player)
Population
200
Speed
Normal
Resources
Standard
Victory
Conquest
Starting age
Dark Age
Ending age
Imperial Age
RankedLock teamsTeams togetherTeam positionsShared explorationLock speedFull tech treeHidden civsTurbo modeCheats
Victory
Defeat
🇺🇸 Romans · United States
1190
+15
🇺🇸 Ethiopians · United States
1190
+15
🇺🇸 Koreans · United States
1199
-15
🇧🇪 Armenians · Belgium
1158
-15
LSD SaChOuSs
3:46 Loom
13:58 Feudal Age
14:31 Man-at-Arms
16:18 Wheelbarrow
15:49 Long Swordsman
22:58 Double-Bit Axe
22:58 Horse Collar
26:42 Castle Age
24:58 Arson
27:04 Scale Mail Armor
27:15 Forging
28:27 Hand Cart
40:14 Hand Cart
43:25 Elite Skirmisher
44:42 Stone Mining
47:11 Two-Handed Swordsman
50:22 Chain Mail Armor
50:44 Iron Casting
52:16 Pikeman
53:08 Squires
52:59 Gambesons
53:57 Heavy Plow
56:33 Imperial Age
54:44 Halberdier
Apoptosis
15:20 Feudal Age
19:01 Castle Age
18:50 Loom
20:09 Double-Bit Axe
20:07 Horse Collar
22:33 Bow Saw
29:18 Fletching
31:05 Wheelbarrow
31:25 Bodkin Arrow
35:45 Imperial Age
36:14 Hand Cart
36:18 Heavy Plow
36:49 Bracer
36:57 Scale Barding Armor
41:55 Forging
43:33 Chain Barding Armor
43:49 Iron Casting
42:43 Light Cavalry
43:32 Elite War Wagon
45:57 Hussar
48:36 Chemistry
49:23 Heavy Rocket Cart
Carmilla
5:09 Loom
13:14 Feudal Age
13:33 Man-at-Arms
14:49 Scale Mail Armor
18:18 Forging
21:37 Double-Bit Axe
26:11 Castle Age
26:22 Gold Mining
26:23 Long Swordsman
28:31 Squires
29:35 Wheelbarrow
29:30 Chain Mail Armor
30:29 Horse Collar
33:01 Bow Saw
34:40 Hand Cart
34:47 Heavy Plow
43:04 Fletching
43:25 Stone Mining
44:23 Masonry
44:31 Fortified Wall
44:45 Bodkin Arrow
45:30 Iron Casting
45:27 Guard Tower
46:43 Gold Shaft Mining
47:41 Ballistics
51:42 Imperial Age
51:45 Legionary
53:26 Blast Furnace
53:27 Comitatenses
52:52 Onager
Worker
11:11 Loom
13:25 Feudal Age
16:23 Fletching
16:34 Padded Archer Armor
18:53 Double-Bit Axe
18:50 Horse Collar
23:22 Castle Age
23:38 Crossbowman
24:16 Bodkin Arrow
29:05 Heavy Plow
29:17 Bow Saw
30:10 Thumb Ring
33:21 Leather Archer Armor
33:22 Husbandry
33:26 Light Cavalry
34:10 Husbandry
37:21 Forging
37:17 Scale Barding Armor
38:42 Iron Casting
43:09 Imperial Age
42:45 Chain Barding Armor
43:32 Heavy Camel Rider
46:05 Chemistry
51:26 Blast Furnace
51:27 Arbalester
52:19 Bracer
54:04 Wheelbarrow
53:15 Town Watch
Connection lost

Rejoining the realm…

Still unreachable

The connection could not be restored.

Session expired

The server has moved on; the page needs a fresh start.